 Dungeon Crawl Stone Soup version 0.21.1-1-g345015f (webtiles) character file.

133 letownia2 the Changer (level 5, 0/38 HPs)
             Began as a Merfolk Transmuter on Mar 16, 2018.
             Slain by a wyvern zombie (11 damage)
             ... on level 4 of the Dungeon.
             The game lasted 00:05:12 (711 turns).

letownia2 the Changer (Merfolk Transmuter)           Turns: 711, Time: 00:05:13

Health: 0/38       AC:  2    Str: 11    XL:     5   Next: 16%
Magic:  12/17      EV: 21    Int: 12    God:
Gold:   75         SH:  0    Dex: 20    Spells: 2/8 levels left

rFire    . . .     SeeInvis .     - Unarmed
rCold    . . .     Gourm    .   (shield currently unavailable)
rNeg     . . .     Faith    .   (armour currently unavailable)
rPois    x         Spirit   .   (helmet currently unavailable)
rElec    .         Reflect  .   (cloak currently unavailable)
rCorr    .         Harm     .   (gloves currently unavailable)
MR       .....                  (boots currently unavailable)
Stlth    ++........             (no amulet)
HPRegen  0.12/turn              f - ring of magical power (curse)
MPRegen  0.15/turn              (no ring)

@: spider-form
A: tiny, (change form in water), (swift swim), (stealthy swim)
a: End Transformation


You were on level 4 of the Dungeon.
You were not hungry.
You were a venomous arachnid creature.
You visited 1 branch of the dungeon, and saw 4 of its levels.

You collected 75 gold pieces.

Inventory:

Hand Weapons
 h - a +0 blowgun
Missiles
 a - 10 arrows
 i - 14 poisoned needles
Armour
 b - a +0 robe (melded)
 g - a +0 chain mail
 l - a scarf of cloud immunity (melded)
Jewellery
 f - a cursed ring of magical power (left front leg)
Scrolls
 e - a scroll of enchant armour {unknown}
Books
 c - a book of Changes

   Spells                             Type                      Level
   a - Beastly Appendage              Transmutation                1
   b - Sticks to Snakes               Transmutation                2
   c - Spider Form                    Transmutation/Poison         3
   d - Ice Form                       Ice/Transmutation            4
   e - Blade Hands                    Transmutation                5
 k - a book of Unlife

   Spells                             Type                      Level
   a - Recall                         Summoning/Translocation      3
   b - Animate Dead                   Necromancy                   4
   c - Borgnjor's Vile Clutch         Necromancy/Earth             5
   d - Death Channel                  Necromancy                   6
   e - Simulacrum                     Ice/Necromancy               6
Comestibles
 d - 2 rations
 j - a chunk of flesh


   Skills:
 + Level 1.7 Fighting
 - Level 2.6 Dodging
 + Level 4.4 Unarmed Combat
 - Level 2.0 Spellcasting
 - Level 5.2 Transmutations
 - Level 1.0 Poison Magic


You had 2 spell levels left.
You knew the following spells:

 Your Spells              Type           Power        Failure   Level  Hunger
a - Beastly Appendage     Tmut           ##....       11%         1    ##.....
l - Sticks to Snakes      Tmut           ##......     14%         2    ###....
p - Spider Form           Tmut/Pois      #.........   43%         3    ####...


Dungeon Overview and Level Annotations

Branches:
Dungeon (4/15)
 Temple: D:4-7

Altars:
Sif Muna
Vehumet


Message History

You hit the wyvern zombie.
The wyvern zombie is heavily damaged.
The wyvern zombie completely misses you.
Your ball python bites the wyvern zombie but does no damage.
Unknown command.
You barely miss the wyvern zombie.
The wyvern zombie is heavily damaged.
The wyvern zombie bites you.
* * * LOW HITPOINT WARNING * * *
Your ball python bites the wyvern zombie but does no damage.
Unknown command.
You hit the wyvern zombie.
The wyvern zombie is heavily damaged.
The wyvern zombie misses you.
Your ball python barely misses the wyvern zombie.
Unknown command.
You hit the wyvern zombie.
The wyvern zombie is heavily damaged.
The wyvern zombie bites you!
You die...

.#.....#.........#
.##...##.........#
.##...###+##.....#...#
.##...... #.....#...+
...........#.....#...#
...........+...<.#...#
...........#.....#...#
####+#######.....#...##..
...... .........s#.......
...... .........ZS.......
...... ..........#.......
...... .........$########
...... ............
...... ..............
###### ...............% #
..............Z. #
..........#######+# ..


You could see a wyvern zombie and a friendly ball python.

Vanquished Creatures
  A scorpion (D:4)
  A hound skeleton (D:4)
  2 adders
  3 oozes
  A dart slug (D:3)
  2 leopard geckos
  An orc (D:4)
  3 bats
  A giant cockroach (D:3)
  3 goblins
  4 hobgoblins
  5 jackals
  2 kobolds
  6 frilled lizards
  A quokka skeleton (D:4)
  4 rats
40 creatures vanquished.

Notes
Turn   | Place    | Note
-------+----------+-------------------------------------------
     0 | D:1      | letownia2 the Merfolk Transmuter began the quest for the Orb.
     0 | D:1      | Reached XP level 1. HP: 15/15 MP: 3/3
    16 | D:1      | Reached skill level 3 in Transmutations
    30 | D:1      | Reached XP level 2. HP: 10/21 MP: 3/5
    37 | D:1      | Learned a level 2 spell: Sticks to Snakes
   182 | D:2      | Reached XP level 3. HP: 8/26 MP: 4/6
   187 | D:2      | Learned a level 3 spell: Spider Form
   259 | D:2      | Reached skill level 4 in Transmutations
   321 | D:2      | Found a radiant altar of Vehumet.
   324 | D:2      | Found a deep blue altar of Sif Muna.
   383 | D:3      | Reached skill level 1 in Poison Magic
   412 | D:4      | Noticed a scorpion
   426 | D:4      | Killed a scorpion
   426 | D:4      | Reached skill level 5 in Transmutations
   426 | D:4      | Reached XP level 4. HP: 13/32 MP: 7/7
   518 | D:3      | Noticed an orc warrior
   575 | D:4      | Reached XP level 5. HP: 18/37 MP: 8/8
   711 | D:4      | Slain by a wyvern zombie

Skill      XL: |  1  2  3 |
---------------+----------+-----
Transmutations | 3 5 |  5.2
Unarmed Combat | 4 |  4.4
Poison Magic   | 1 |  1.0
Fighting       | |  1.7
Dodging        | |  2.6
Spellcasting   | |  2.0

Action                   |  1- 3 |  4- 6 || total
-------------------------+-------+-------++-------
Melee: Unarmed           |    71 |    33 ||   104
       Headbutt          |     5 |       ||     5
 Cast: Beastly Appendage |    11 |       ||    11
       Spider Form       |     5 |     7 ||    12
       Sticks to Snakes  |       |     2 ||     2
 Stab: Sleeping          |     1 |       ||     1
  Eat: Chunk             |       |     2 ||     2
Armor: Robe              |     2 |       ||     2
       Skin              |     1 |       ||     1
Dodge: Dodged            |    40 |    25 ||    65
